 Dungeon Crawl Stone Soup version 0.29-a0-25-g7f48f510a0 (webtiles) character file.

Game seed: 14887510179137942369

20 timneilson the Shield-Bearer (level 2, -1/19 HPs)
             Began as a Gargoyle Fighter on Feb 1, 2022.
             Slain by a worm (6 damage)
             ... on level 1 of the Dungeon.
             The game lasted 00:01:31 (1058 turns).

timneilson the Shield-Bearer (Gargoyle Fighter)     Turns: 1058, Time: 00:01:32

Health: -1/19      AC:  9    Str: 19    XL:     2   Next: 79%
Magic:  2/2        EV:  8    Int:  8    God:
Gold:   42         SH:  9    Dex:  9    Spells: 1/1 levels left

rFire   . . .      SeeInvis .   a - +0 long sword
rCold   . . .      Faith    .   k - +1 kite shield
rNeg    + . .      Spirit   .   b - +0 scale mail
rPois   ∞          Reflect  .   (no helmet)
rElec   +          Harm     .   (no cloak)
rCorr   .          Rampage  .   (no gloves)
Will    .....                   (no boots)
Stlth   ..........              (no amulet)
HPRegen 0.06/turn               (no ring)
MPRegen 0.08/turn               (no ring)

@: no status effects
A: sickness immunity, AC +2, negative energy resistance 1, electricity
resistance, torment resistance 1, petrification resistance
a: no special abilities


You were on level 1 of the Dungeon.
You visited 1 branch of the dungeon, and saw 2 of its levels.

You collected 42 gold pieces.

Inventory:

Hand Weapons
 a - a +0 long sword (weapon)
Armour
 b - a +0 scale mail (worn)
 k - a +1 kite shield (worn)
Potions
 d - a potion of might
 e - a potion of lignification
 h - a potion of haste


   Skills:
 + Level 3.4 Fighting
 * Level 2.1 Long Blades
 * Level 3.5 Armour
 + Level 0.3 Dodging
 * Level 3.6 Shields


You had one spell level left.
You didn't know any spells.
Your spell library was empty.

Dungeon Overview and Level Annotations

Branches:
Dungeon (2/15)

Altars:


Innate Abilities, Weirdness & Mutations

You are immune to sickness and miasma.
Your stone body is resilient. (AC +2)
You are immune to poison.
You resist negative energy. (rN+)
You are resistant to electric shocks. (rElec)
You are resistant to unholy torment.
You are immune to petrification.


Message History

You are frozen.
You block the worm's attack. The adder bites you.
You hit the worm.
The worm is lightly wounded.
The endoplasm freezes you.
You are frozen.
The adder bites you but does no damage. The worm barely misses you.
The endoplasm freezes you.
You are frozen.
The adder bites you but does no damage.
You hit the endoplasm.
The endoplasm is almost dead.
The adder bites you but does no damage.
The endoplasm hits you but does no damage.
You block the worm's attack. The adder bites you.
* * * LOW HITPOINT WARNING * * *
You hit the endoplasm.
You kill the endoplasm!
You block the adder's attack. The worm bites you but does no damage.
You block the adder's attack.
Unknown command.
You barely miss the worm. The adder bites you but does no damage.
The worm bites you but does no damage. The adder bites you but does no damage.
You hit the worm.
The worm is lightly wounded.
The adder bites you but does no damage. The worm bites you but does no damage.
You hit the worm.
The worm is moderately wounded.
The adder bites you but does no damage. x2
You hit the worm.
The worm is heavily wounded.
The adder bites you but does no damage. You block the worm's attack.
The adder barely misses you.
You barely miss the worm.
The worm is heavily wounded.
You block the adder's attack. You block the worm's attack.
The adder barely misses you.
You barely miss the worm.
The worm is moderately wounded.
The adder bites you but does no damage. You block the adder's attack.
The worm bites you.
You die...

##################
.#.#.#.#.#.#.#.#.##
...............w@.#
.#.#.#.#.#.#.#.#S###
...................#
.#.#.#.#.#.#.#.#.#.#
#.####.###..##.##..#
.......# ##....##.##
#.####.####.####..#
.................######
#...........####......#


You could see a worm and an adder.

Vanquished Creatures
  2 ball pythons (D:1)
  3 bats (D:1)
  An endoplasm (D:1)
  A goblin (D:1)
  4 hobgoblins (D:1)
  4 kobolds
  A quokka (D:1)
  A frilled lizard (D:1)
  2 rats (D:1)
19 creatures vanquished.

Notes
Turn   | Place    | Note
-------+----------+-------------------------------------------
     0 | D:1      | timneilson the Gargoyle Fighter began the quest for the
                  | Orb.
     0 | D:1      | Reached XP level 1. HP: 14/14 MP: 1/1
    69 | D:1      | Reached XP level 2. HP: 19/19 MP: 2/2
  1058 | D:1      | Slain by a worm

Illustrated notes

Levels and vault maps discovered:
D:1:      dpeg_arrival_shelter, layout_loops_ring, st_stairs_13
D:2:      layout_rooms, moated_statue, uniq_jessica

Skill      XL: |  1  2 |
---------------+-------+-----
Long Blades    | 2 |  2.1
Fighting       | |  3.4
Armour         | |  3.5
Dodging        | |  0.3
Shields        | |  3.6

Action                   || total
-------------------------++-------
Melee: Long sword        ||    76
  Use: Scroll            ||     5
Armor: Scale mail        ||    59
Dodge: Dodged            ||    42
Block: Buckler           ||    20
       Kite shield       ||    17

Table legend: (Time is in decaauts)
 A = Elapsed time spent in this place.
 B = Non-inter-level travel time spent in this place.
 C = Inter-level travel time spent in this place.
 D = Time resting spent in this place.
 E = Time spent auto-exploring this place.
 F = Levels seen in this place.
 G = Mean time per level.
                   A        B        C        D        E       F      G
               +--------+--------+--------+--------+--------+-----+--------+
         Total |   1086 |   1064 |     22 |    173 |    670 |   2 |  543.0 |
       Dungeon |   1086 |   1064 |     22 |    173 |    670 |   2 |  543.0 |
               +--------+--------+--------+--------+--------+-----+--------+

Top non-repeatable levels by time:
     D:1: 1057 daAuts
     D:2: 28 daAuts
